 Dungeon Crawl Stone Soup version 0.22-a0-848-ge9e22a0 (webtiles) character file.

415 Amnesiac the Digger (level 6, -2/41 HPs)
             Began as a Mummy Earth Elementalist on July 26, 2018.
             Slain by Edmund
             ... wielding a +5 dire flail of crushing
              (3 damage)
             ... on level 4 of the Dungeon.
             The game lasted 00:10:06 (2414 turns).

Amnesiac the Digger (Mummy Earth Elementalist)      Turns: 2414, Time: 00:10:07

Health: -2/41      AC:  5    Str: 11    XL:     6   Next: 60%
Magic:  4/14       EV: 12    Int: 17    God:
Gold:   234        SH:  0    Dex: 12    Spells: 0/15 levels left

rFire    x . .     SeeInvis .   f - +0 falchion
rCold    + . .     Gourm    .   (no shield)
rNeg     + + +     Faith    .   d - +1 robe {MR+}
rPois    ∞         Spirit   .   i - +0 helmet
rElec    .         Reflect  .   a - +0 cloak
rCorr    .         Harm     .   (no gloves)
MR       +....                  (no boots)
Stlth    ++........             (no amulet)
HPRegen  0.13/turn              (no ring)
MPRegen  0.14/turn              (no ring)

@: no status effects
A: no food or potions, fire vulnerability, cold resistance 1, negative energy
resistance 3, torment resistance, unbreathing
a: no special abilities


You were on level 4 of the Dungeon.
You were not hungry.

You visited 1 branch of the dungeon, and saw 5 of its levels.
You also visited: Ossuary.

You collected 234 gold pieces.

Inventory:

Hand Weapons
 c - a +0 dagger
 f - a +0 falchion (weapon)
Armour
 a - a +0 cloak (worn)
 d - a +1 robe of magic resistance (worn)
 e - a +0 leather armour
 g - a +0 ring mail
 i - a +0 helmet (worn)
Scrolls
 b - 4 scrolls of amnesia {!r, unknown}
 j - 4 scrolls of teleportation {!r}
 k - a scroll of enchant armour {!r, unknown}


   Skills:
 - Level 1.5 Dodging
 - Level 1.5 Stealth
 + Level 5.3 Spellcasting
 - Level 0.7 Transmutations
 * Level 5.3 Earth Magic


You couldn't memorise any spells.
You knew the following spells:

 Your Spells              Type           Power        Failure   Level  Hunger
a - Stone Arrow           Conj/Erth      ##....       14%         3    N/A
b - Passwall              Tmut/Erth      ##......     6%          2    N/A
c - Sandblast             Erth           ###...       1%          1    N/A
d - Lee's Rapid Deconstr  Erth           ###.......   38%         5    N/A
e - Petrify               Tmut/Erth      ##......     36%         4    N/A

Your spell library contained the following spells:

 Spells                   Type           Power        Failure   Level  Hunger


Dungeon Overview and Level Annotations

Branches:
Dungeon (5/15)
 Temple: D:4-7

Altars:

Annotations:
D:3 Grinder
D:4 Dowan, Duvessa, Edmund, Menkaure


Innate Abilities, Weirdness & Mutations

You do not eat or drink.
Your flesh is vulnerable to fire.
You are immune to poison.
Your flesh is cold resistant. (rC+)
You are immune to negative energy. (rN+++)
You are immune to unholy pain and torment.
You can survive without breathing.


Message History

Press: ? - help, Shift-Dir - straight line, f/p - Duvessa
Aim: Duvessa, wielding a short sword and wearing a leather armour (severely wounded)
The stone arrow hits Duvessa.
Duvessa is severely wounded.
Duvessa hits you with a short sword.
Casting: Stone Arrow (safe; 14% risk of failure)
Confirm with . or Enter, or press ? or * to list all spells.
You don't have enough magic to cast that spell.
Casting: Stone Arrow (safe; 14% risk of failure)
Confirm with . or Enter, or press ? or * to list all spells.
You don't have enough magic to cast that spell.
Duvessa gestures with her weapon.
Casting: Stone Arrow (safe; 14% risk of failure)
Confirm with . or Enter, or press ? or * to list all spells.
Aiming: Stone Arrow (safe; 14% risk of failure)
Press: ? - help, Shift-Dir - straight line, f/p - Duvessa
Aim: Duvessa, wielding a short sword and wearing a leather armour (severely wounded)
The stone arrow hits Duvessa.
Duvessa is severely wounded.
Duvessa hits you with a short sword.
Casting: Stone Arrow (safe; 14% risk of failure)
Confirm with . or Enter, or press ? or * to list all spells.
You don't have enough magic to cast that spell.
Casting: Stone Arrow (safe; 14% risk of failure)
Confirm with . or Enter, or press ? or * to list all spells.
You don't have enough magic to cast that spell.
You aren't carrying any items that you can evoke.
Unknown command.
You hit Duvessa.
Duvessa is severely wounded.
Duvessa hits you but does no damage.
Dowan shouts!
Dowan mumbles some strange words.
Dowan blinks!
Dowan shouts!
Dowan points at you and mumbles some strange words.
The puff of flame hits you! The fire burns you terribly!
Found a cloak.
Dowan points at Duvessa and mumbles some strange words.
Duvessa seems to speed up.
Duvessa says, "Where magic fails, the sword succeeds!"
Duvessa closely misses you.
You riposte.
You closely miss Duvessa.
Duvessa is severely wounded.
Menkaure, Prince of Dust comes into view.
Edmund the Younger comes into view.
He is wielding a dire flail of crushing.
Edmund shouts!
Duvessa hits you but does no damage.
Found a ration.
Press: ? - help, v - describe, . - travel
Here: Edmund, wielding a dire flail of crushing and wearing a chain mail The floor.
Duvessa barely misses you.
You riposte.
You hit Duvessa but do no damage.
Duvessa is severely wounded.
Duvessa hits you with a short sword!
* * * LOW HITPOINT WARNING * * *
You see here a cloak.
Really read
h - a scroll labeled WODEUH IPNU {!r}? [Y]es or [N]o only, please.
Really read
h - a scroll labeled WODEUH IPNU {!r}?
As you read the scroll labeled WODEUH IPNU {!r}, it crumbles to dust.
The scroll dissolves into smoke.
It was a scroll of fog {!r}.
Edmund hits you with a dire flail of crushing!
* * * LOW HITPOINT WARNING * * *
You die...

### ..# #.# ###### #§#
......##§# #########
..M..#@# #.......##
##..#@######.#####..##
#...§e§...e..........#
##..#.######.###.#....
##.#.# #.####.#.## ..#
#.#.. ........... #.#
#.#### ##.######e##
#.# #. #.# #.# #.# #
#% #.# #.#


You could see Edmund and Duvessa.

Vanquished Creatures
  A jelly (D:5)
  A crimson imp (D:5)
  3 human zombies (Ossuary)
  2 hounds (D:4)
  A centaur skeleton (D:4)
  A big kobold zombie (Ossuary)
  2 hound zombies (Ossuary)
  4 mummies (Ossuary)
  2 adders
  An ooze (D:3)
  An adder zombie (Ossuary)
  A worm (D:5)
  A dart slug (D:2)
  A leopard gecko (D:2)
  5 orcs
  A ball python (D:4)
  4 giant cockroaches
  A hobgoblin (D:3)
  2 jackals (D:4)
  2 bats
  2 goblin zombies (Ossuary)
  2 hobgoblin zombies (Ossuary)
  An orc zombie (Ossuary)
  2 rats
44 creatures vanquished.

Notes
Turn   | Place    | Note
-------+----------+-------------------------------------------
     0 | D:1      | Amnesiac the Mummy Earth Elementalist began the quest for the Orb.
     0 | D:1      | Reached XP level 1. HP: 13/13 MP: 4/4
   316 | D:2      | Reached XP level 2. HP: 16/19 MP: 1/5
   320 | D:2      | Learned a level 2 spell: Passwall
   405 | D:3      | Noticed Grinder
   409 | D:3      | Paralysed by Grinder for 5 turns
   647 | D:4      | Noticed Dowan
   789 | D:4      | Reached XP level 3. HP: 17/24 MP: 0/7
   794 | D:4      | Learned a level 3 spell: Stone Arrow
   850 | D:4      | Noticed Duvessa
   881 | D:4      | Reached XP level 4. HP: 17/30 MP: 5/9
   885 | D:4      | Found a sand-covered staircase.
   894 | Ossuary  | Entered an ossuary
  1011 | Ossuary  | Reached XP level 5. HP: 4/35 MP: 0/11
  1571 | Ossuary  | Reached XP level 6. HP: 41/41 MP: 2/13
  1789 | Ossuary  | Learned a level 4 spell: Petrify
  1840 | D:4      | Reached skill level 5 in Spellcasting
  1840 | D:4      | Reached skill level 5 in Earth Magic
  1853 | D:5      | Entered Level 5 of the Dungeon
  1861 | D:5      | Learned a level 5 spell: Lee's Rapid Deconstruction
  2409 | D:4      | Noticed Menkaure
  2411 | D:4      | Noticed Edmund
  2414 | D:4      | HP: 1/41 [Edmund/dire flail of crushing (8)]
  2414 | D:4      | Slain by Edmund

Vault maps used:
D:1:      minmay_arrival_stone_box, serial_park_tiny_pond
D:2:      yredelemnul_forgotten_temple_becter, minmay_misc_feat_encased,
          kennysheep_generic_room_15
D:3:      first_ration, serial_bayou_pond_e, minmay_misc_feat_ornament,
          kennysheep_generic_room_12, uniq_grinder
D:4:      lightli_ossuary_entry_decrepit_ruins, uniq_edmund, uniq_menkaure,
          uniq_duvessa
D:5:      serial_shops, shop, uniq_ijyb
Ossuary:  ossuary_minmay_tomb_2a

Skill      XL: |  1  2  3  4  5  6 |
---------------+-------------------+-----
Earth Magic    | 3 4 5 |  5.3
Spellcasting   | 3 4 5 |  5.3
Dodging        | |  1.5
Stealth        | |  1.5
Transmutations | |  0.7

Action                   |  1- 3 |  4- 6 || total
-------------------------+-------+-------++-------
Melee: Unarmed           |    19 |       ||    19
       Dagger            |     9 |       ||     9
       Falchion          |    13 |    27 ||    40
 Cast: Sandblast         |    28 |    40 ||    68
       Stone Arrow       |       |    32 ||    32
  Use: Scroll            |       |     3 ||     3
 Stab: Sleeping          |       |     1 ||     1
Armor: Robe              |    21 |    24 ||    45
Dodge: Dodged            |    43 |    57 ||   100
       Rpst.: Falchion   |     8 |    22 ||    30

Table legend:
 A = Spawn XP
 B = Non-spawn XP
 C = Spawn XP percentage of total XP
 D = Spawn monster count
 E = Non-spawn monster count
 F = Spawn count percentage of total count
 G = Total turns spent on level
                    A         B        C        D         E        F      G
               +---------+---------+-------+---------+---------+-------+---------
         Total |       0 |     594 |   0.0 |       0 |      44 |   0.0 |  2414
               +---------+---------+-------+---------+---------+-------+---------
           D:1 |       0 |       4 |   0.0 |       0 |       3 |   0.0 |   262
           D:2 |       0 |      12 |   0.0 |       0 |       4 |   0.0 |   248
           D:3 |       0 |      17 |   0.0 |       0 |       6 |   0.0 |   139
           D:4 |       0 |     149 |   0.0 |       0 |       9 |   0.0 |   419
           D:5 |       0 |     137 |   0.0 |       0 |       6 |   0.0 |   450
       Ossuary |       0 |     275 |   0.0 |       0 |      16 |   0.0 |   896
               +---------+---------+-------+---------+---------+-------+---------
